 Dungeon Crawl Stone Soup version 0.17-a0-995-gb5fa8d7 (webtiles) character file.

8152 oplop the Arsonist (level 11, -7/97 HPs)
             Began as a Mottled Draconian Fire Elementalist on May 12, 2015.
             Was a Priest of Vehumet.
             Hit by a stone thrown by a minotaur (26 damage)
             ... in a labyrinth.
             The game lasted 00:36:21 (10456 turns).

oplop the Arsonist (DrFE)                          Turns: 10456, Time: 00:36:22

Health: -7/97      AC:  9    Str: 11    XL:     11   Next: 6%
Magic:  19/23      EV: 12    Int: 17    God:    Vehumet [***...]
Gold:   190        SH:  0    Dex: 11    Spells: 5 memorised, 10 levels left

rFire  + + .     SeeInvis .     D - +3 spear (venom)
rCold  x . .     Clarity  .     (armour unavailable)
rNeg   . . .     SustAb   .     (no shield)
rPois  .         Gourm    .     (helmet restricted)
rElec  .         Spirit   .     (no cloak)
rCorr  .         Warding  .     (no gloves)
rMut   .         Stasis   .     l - +1 pair of boots
MR     +....                    (no amulet)
Stlth  ++........               n - ring of protection from magic
                                u - ring of fire

@: somewhat resistant to hostile enchantments, unstealthy
A: breathe sticky flame splash, unfitting armour, big wings, stinger 1, blurry
vision 2, dopey 1, fire resistance 1, wild magic 1, cold-blooded, AC +7
a: Breathe Sticky Flame, Fly, Renounce Religion


You were in a labyrinth.
You worshipped Vehumet.
Vehumet was most pleased with you.
You were not hungry.

You visited 3 branches of the dungeon, and saw 12 of its levels.
You also visited: Labyrinth.

You collected 581 gold pieces.
You spent 391 gold pieces at shops.

Inventory:

Hand weapons
 g - the +9 blowgun of Red Wine {evade, +Inv MR+ Str-4 Int-3, unknown}
   (You found it in a labyrinth)

   It affects your evasion (+5 to EV).
   It affects your strength (-4).
   It affects your intelligence (-3).
   It affects your resistance to hostile enchantments.
   It lets you turn invisible.
 r - a +0 blowgun
 D - a +3 spear of venom (weapon)
Missiles
 s - 7 curare-tipped needles
Armour
 l - a +1 pair of boots (worn)
Jewellery
 f - an uncursed ring of ice
 n - a ring of protection from magic (right hand)
 u - a ring of fire (left hand)
 y - an uncursed ring of teleport control
 F - an uncursed ring of teleportation
Magical devices
 p - a wand of paralysis (0)
 w - a wand of digging (13)
 J - a wand of lightning (7)
Scrolls
 c - 2 scrolls of magic mapping
 e - a scroll of identify
 j - a scroll of fog
 o - a scroll of amnesia
 t - a scroll of enchant weapon
 z - 3 scrolls of remove curse
Potions
 d - a potion of agility
 h - 3 potions of curing
 k - a potion of invisibility {unknown}
 m - 2 potions of ambrosia {unknown}
 v - a potion of lignification
 x - a potion of degeneration {unknown}
 A - a potion of heal wounds
 B - a potion of cure mutation {unknown}
 C - 3 potions of resistance {unknown}
 I - a potion of magic {unknown}
Comestibles
 a - a beef jerky
 b - 6 bread rations


   Skills:
 - Level 9.0 Fighting
 + Level 3.0 Dodging
 - Level 1.7 Stealth
 + Level 8.0 Spellcasting
 + Level 8.6 Conjurations
 + Level 10.1 Fire Magic


You had 10 spell levels left.
You knew the following spells:

 Your Spells              Type           Power        Failure   Level  Hunger
a - Flame Tongue          Conj/Fire      #####        1%          1    None
b - Conjure Flame         Conj/Fire      ######..     1%          3    #......
c - Inner Flame           Hex/Fire       ######..     3%          3    #......
d - Sticky Flame          Conj/Fire      ######..     1%          4    ###....
e - Fireball              Conj/Fire      ######....   5%          5    #####..


Dungeon Overview and Level Annotations

Branches:
Dungeon (10/15)            Temple (1/1) D:7            Lair (1/8) D:10
    Orc: D:9-12

Altars:
Ashenzari
Cheibriados
Dithmenos
Elyvilon
Fedhas
Gozag
Kikubaaqudgha
Makhleb
Nemelex Xobeh
Okawaru
Qazlal
Ru
Sif Muna
Trog
Vehumet
Xom
Yredelemnul
Zin
The Shining One

Shops:
D:5 %   D:9 *

Annotations:
D:4 Sigmund


Innate Abilities, Weirdness & Mutations

You can spit globs of burning liquid.
You can ignite nearby creatures when you spit burning liquid.
Your weird mottled scales are hard (AC +7).
Your body does not fit into most forms of armour.
You are cold-blooded and may be slowed by cold attacks.
Your large and strong wings let you fly indefinitely.
Your tail ends in a poisonous barb.
Scrolls take you longer to read.
You are dopey. (Int -2)
Your flesh is heat resistant.
Your spells are a little harder to cast, but a little more powerful.


Message History

Aim: a minotaur (chance 15%)
The minotaur resists with almost no effort.
Evoking this partially-identified wand wasted a few charges.
The minotaur throws a stone.
The stone hits you!
The minotaur throws a stone.
The stone hits you!!
* * * LOW HITPOINT WARNING * * *
You see here 2 stones.
Drink which item? (? for menu, Esc to quit)
You feel much better.
The minotaur throws a stone.
The stone hits you but does no damage.
The minotaur throws a stone.
The stone hits you!!
* * * LOW HITPOINT WARNING * * *
You see here a stone.
Casting: Conjure Flame
Confirm with . or Enter, or press ? or * to list all spells.
Aiming: Conjure Flame
Press: ? - help, Dir - move target cursor You feel a surge of power!
The fire roars!
The minotaur throws a stone.
The stone hits you!!
You die...

### . # # ###.#H#
####### ... .#
#.#...# #
###.#§###.#.#.###.#
.......(#.......@...#
#..#. (###H#####.###
.... ...§H..#. #.#
##.#.#..###.. ..#.#
... ..# .#...#...
###..#.# #.### #... #
..#.# # #.. .. .#. #
.#.#.# ##.. .#. .
..#.. .... #


You could see a minotaur.

Vanquished Creatures
  2 hill giants
  A fire drake (D:10)
  4 wandering mushrooms (Lab)
  2 shadows
  5 hungry ghosts
  5 yaks (D:9)
  A hippogriff (D:9)
  A steam dragon (D:7)
  A porcupine (Lair:1)
  A black bear (D:8)
  An ice beast (D:6)
  5 ogres
  4 phantoms
  3 orc warriors
  3 centaurs
  A sky beast (D:6)
  A crocodile (D:9)
  3 big kobolds
  3 giant frogs
  A gnoll sergeant (D:6)
  2 scorpions (D:9)
  3 killer bees (D:9)
  4 wights (D:6)
  2 crimson imps (D:9)
  A centaur zombie (D:8)
  A giant frog zombie (D:5)
  2 orc priests
  6 hounds
  2 jellies
  A quasit (D:9)
  5 worker ants
  4 iguanas
  3 orc wizards
  8 sheep (Lair:1)
  7 adders
  24 gnolls
  6 river rats (Lair:1)
  A shadow imp (D:9)
  An ooze (D:1)
  4 worms
  30 orcs
  A ball python (D:3)
  A bat skeleton (D:8)
  A bat zombie (D:7)
  2 giant cockroaches
  23 goblins
  14 hobgoblins
  16 bats
  13 giant geckos
  8 giant newts
  18 jackals
  A jackal skeleton (D:4)
  28 kobolds
  2 quokkas
  18 rats
  A plant (Lab)
312 creatures vanquished.

Notes
Turn   | Place    | Note
--------------------------------------------------------------
     0 | D:1      | oplop the Draconian Fire Elementalist began the quest for the Orb.
     0 | D:1      | Reached XP level 1. HP: 14/14 MP: 3/3
   154 | D:1      | Reached XP level 2. HP: 17/22 MP: 1/5
   613 | D:2      | Found an ancient bone altar of Kikubaaqudgha.
   655 | D:2      | Reached skill level 1 in Fighting
   772 | D:2      | Reached XP level 3. HP: 21/28 MP: 2/6
   777 | D:2      | Learned a level 3 spell: Conjure Flame
  1534 | D:3      | Reached XP level 4. HP: 34/36 MP: 4/8
  1559 | D:3      | Learned a level 3 spell: Inner Flame
  1787 | D:3      | Found a shadowy altar of Dithmenos.
  1980 | D:3      | Reached skill level 4 in Fire Magic
  1980 | D:3      | Reached XP level 5. HP: 37/41 MP: 1/9
  2029 | D:3      | Found a shattered altar of Ashenzari.
  2425 | D:4      | Found a blossoming altar of Fedhas.
  2610 | D:4      | Noticed Sigmund
  2923 | D:5      | Entered Level 5 of the Dungeon
  3078 | D:5      | Noticed an ogre
  3208 | D:4      | Reached XP level 6. HP: 46/51 MP: 0/10
  3322 | D:5      | Killed an ogre
  3940 | D:5      | Reached skill level 5 in Fire Magic
  3940 | D:5      | Your scales start taking on a weird mottled colour.
  3940 | D:5      | Reached XP level 7. HP: 40/58 MP: 9/12
  3987 | D:5      | Learned a level 4 spell: Sticky Flame
  4634 | D:5      | Found Foumat's Food Emporium.
  4634 | D:5      | Noticed a hungry ghost
  4640 | D:5      | Killed a hungry ghost
  4735 | D:6      | Reached skill level 6 in Fire Magic
  5157 | D:6      | Got a jewelled dagger
  5158 | D:6      | Identified the cursed +0 dagger of Ozuqetodgh {freeze, Str-4 Dex+6} (You found it on level 6 of the Dungeon)
  5442 | D:6      | Reached skill level 5 in Fighting
  5442 | D:6      | Reached XP level 8. HP: 39/68 MP: 9/14
  5636 | D:6      | Gained mutation: Scrolls take you a little longer to read. [mutagenic meat]
  5637 | D:6      | Gained mutation: Scrolls take you longer to read. [mutagenic meat]
  5638 | D:6      | Gained mutation: Your tail ends in a poisonous barb. [mutagenic meat]
  5639 | D:6      | Gained mutation: Your flesh is heat resistant. [mutagenic meat]
  5786 | D:6      | Reached skill level 5 in Conjurations
  6019 | D:6      | Reached skill level 5 in Spellcasting
  6041 | D:6      | Reached skill level 7 in Fire Magic
  6333 | D:7      | Found an opulent altar of Gozag.
  6508 | D:7      | Found a sacrificial altar of Ru.
  6580 | D:7      | Reached XP level 9. HP: 52/78 MP: 17/17
  6697 | D:7      | Found a staircase to the Ecumenical Temple.
  6718 | Temple   | Entered the Ecumenical Temple
  6805 | Temple   | Became a worshipper of Vehumet
  7069 | D:7      | Learned a level 5 spell: Fireball
  7156 | D:7      | Gained mutation: You are dopey. (Int -2) [potion of mutation]
  7156 | D:7      | Gained mutation: Your spells are a little harder to cast, but a little more powerful. [potion of mutation]
  7156 | D:7      | Gained mutation: Your large and strong wings let you fly indefinitely. [potion of mutation]
  7297 | D:8      | Found a glowing silver altar of Zin.
  7298 | D:8      | Found a white marble altar of Elyvilon.
  7336 | D:8      | Reached skill level 8 in Fire Magic
  7369 | D:8      | Found a bloodstained altar of Trog.
  7610 | D:8      | Acquired Vehumet's first power
  7610 | D:8      | Offered knowledge of Shock by Vehumet.
  7659 | D:8      | Noticed a hill giant
  7667 | D:8      | Killed a hill giant
  7724 | D:8      | Found a burning altar of Makhleb.
  8130 | D:9      | Reached XP level 10. HP: 82/88 MP: 12/20
  8345 | D:9      | Reached skill level 9 in Fire Magic
  8390 | D:9      | Offered knowledge of Sting by Vehumet.
  8752 | D:9      | Found Luipurul's Assorted Antiques.
  8759 | D:9      | Bought a paperback book for 255 gold pieces
  8759 | D:9      | Bought a potion of curing for 51 gold pieces
  8759 | D:9      | Bought a potion of heal wounds for 85 gold pieces
  8988 | D:9      | Found a deep blue altar of Sif Muna.
  9076 | D:9      | Found a sparkling altar of Nemelex Xobeh.
  9218 | D:10     | Entered Level 10 of the Dungeon
  9346 | D:10     | Noticed a salamander stormcaller
  9421 | D:10     | Noticed a hill giant
  9429 | D:10     | Killed a hill giant
  9429 | D:10     | Offered knowledge of Searing Ray by Vehumet.
  9490 | D:10     | Found a staircase to the Lair.
  9505 | Lair:1   | Entered Level 1 of the Lair of Beasts
  9751 | Lair:1   | Acquired Vehumet's second power
  9922 | Lair:1   | Found a labyrinth entrance.
  9932 | Lab      | Entered a labyrinth
 10051 | Lab      | Got a fine blowgun
 10194 | Lab      | Reached skill level 10 in Fire Magic
 10251 | Lab      | Reached XP level 11. HP: 97/97 MP: 14/22
 10439 | Lab      | Noticed a minotaur
 10456 | Lab      | Hit by a stone thrown by a minotaur

Vault maps used:
D:1:      dpeg_arrival_arbitrary_a
D:2:      lemuel_round_altar, st_stairs_7, small_statue_intersection
D:3:      overflow_temple_1_default, ashenzari_conservatory_becter
D:4:      kennysheep_mini_moat, first_bread, minmay_misc_feat_hallway,
          uniq_sigmund
D:5:      corexii_shantytown, serial_shops, nicolae_shop_scaring_up_business,
          minmay_lizard_king
D:7:      nicolae_gozag_seed_capital, nicolae_overflow_hidden_temple,
          minmay_temple_entry_grid, grunt_ministairs_3
D:8:      lemuel_round_altar, bloody_trog, grunt_temple_overflow_open
D:9:      lemuel_blue_sif_altar, nemelex_altar_shiori, serial_shops, shop
D:10:     minmay_lair_entry_lava, orc_0_dummy, hangedman_tree_tricks,
          kennysheep_small_spiral
Temple:   nicolae_temple_great_sept
Lair:1:   lab_entry_generic
Lab:      labyrinth_skeletal_remains, labyrinth_glass_1, nicolae_lab_garden,
          nicolae_lab_statue, nicolae_lab_very_dead_end, nicolae_lab_x,
          nicolae_lab_do_over, lab_hedge

Action                   |  1- 3 |  4- 6 |  7- 9 | 10-12 || total
-------------------------+-------+-------+-------+-------++-------
Melee: Unarmed           |    48 |    28 |     1 |       ||    77
       Spear             |       |       |   278 |   145 ||   423
 Cast: Flame Tongue      |    75 |   159 |   123 |    89 ||   446
       Conjure Flame     |       |     4 |    16 |     7 ||    27
       Inner Flame       |       |     1 |     7 |     5 ||    13
       Sticky Flame      |       |       |     9 |    11 ||    20
       Fireball          |       |       |     4 |       ||     4
 Abil: Breathe Sticky Fl |       |       |     4 |     3 ||     7
Evoke: Wand              |       |       |     1 |     1 ||     2
  Use: Scroll            |       |       |    16 |     3 ||    19
       Potion            |       |       |     2 |     1 ||     3
 Stab: Sleeping          |       |       |     7 |       ||     7
       Distracted        |       |       |     1 |     2 ||     3
  Eat: Chunk             |     3 |     7 |    19 |     8 ||    37
       Pizza             |       |     1 |       |       ||     1
       Fruit             |       |       |     2 |       ||     2
       Beef jerky        |       |       |     1 |       ||     1
       Meat ration       |       |       |       |     1 ||     1
